Map: Cañón atribulado

Players

Mario - Winner!

  • Race: Terran Terran
  • League: Silver
  • Spawn Location: 7:00

JOSELLO - Winner!

  • Race: Terran Terran
  • League: Gold
  • Spawn Location: 6:00

Kikex - Winner!

  • Race: Protoss Protoss
  • League: Gold
  • Spawn Location: 6:00

MrFercho

  • Race: Zerg Zerg
  • League: Gold
  • Spawn Location: 12:00

tigro

  • Race: Terran Terran
  • League: Bronze
  • Spawn Location: 3:00

TATORREA

  • Race: Protoss Protoss
  • League: Gold
  • Spawn Location: 12:00

VOD

Have the link to the VOD?

Description

Time

  • Played on: July 20, 2020, 8:50 p.m.
  • Length: 16:19
Show
View Real Time Build Order
Export as new Build Order

Mario Terran - Winner!

Build Orders:  

Get SALT Encoding   

  12  0:01  SCV  
  13  0:13  SCV  
  14  0:18  Supply Depot  
  14  0:25  SCV  
  15  0:40  SCV  
  15  0:41  Barracks  
  16  0:48  Refinery  
  16  0:52  SCV  
  16  0:56  Refinery  
  17  1:04  SCV  
  18  1:16  SCV  
  19  1:28  SCV  
  20  1:44  Factory  
  20  1:45  Marine  
  21  1:57  Barracks  
  21  2:03  Marine, Engineering Bay  
  22  2:21  Marine  
  23  2:37  Armory, Factory Tech Lab  
  23  2:47  Starport  
  23  2:55  Orbital Command  
  23  3:08  Supply Depot  
  23  3:31  Supply Depot, SCV  
  24  3:40  Marine  
  25  3:43  Barracks Tech Lab, SCV  
  26  3:55  SCV  
  26  3:57  Fusion Core  
  26  3:58  Marine  
  28  4:16  Marine  
  29  4:26  Starport Tech Lab  
  29  4:30  SCV  
  30  4:34  Marine  
  30  4:44  Command Center  
  30  4:51  Battlecruiser  
  36  5:01  Terran Vehicle Weapons Level 1  
  36  5:07  Marine  
  36  5:08  Missile Turret  
  36  5:11  SCV  
  38  5:24  SCV  
  39  5:30  Missile Turret  
  39  5:31  Supply Depot  
  39  5:35  Siege Tank  
  42  5:36  SCV  
  42  5:39  Marine  
  44  5:50  Barracks  
  44  6:00  Supply Depot  
  44  6:02  SCV x2  
  46  6:14  SCV x2  
  46  6:16  Refinery  
  48  6:26  SCV x2  
  44  7:20  Marine  
  42  7:30  Battlecruiser  
  46  7:37  Marine  
  47  7:55  Marine  
  48  8:13  Marine  
  49  8:31  Marine  
  49  8:33  Starport  
  50  8:34  Battlecruiser, SCV  
  50  8:35  SCV  
  58  8:46  SCV  
  58  8:47  SCV  
  60  8:49  Marine  
  61  8:59  SCV  
  61  9:00  Refinery  
  61  9:02  SCV  
  63  9:06  Marine  
  64  9:10  Starport  
  64  9:11  SCV  
  64  9:14  SCV  
  66  9:23  Barracks Reactor  
  66  9:29  Terran Vehicle Weapons Level 2  
  66  9:32  Terran Infantry Weapons Level 1  
  66  9:37  Marine  
  67  9:43  Siege Tank  
  70  9:50  Starport  
  70  9:55  Marine  
  70  9:59  Barracks Reactor  
  71  10:05  Marine x2  
  74  10:15  Siege Tank  
  77  10:23  Marine  
  77  10:26  Starport, Factory  
  78  10:30  Marine  
  78  10:32  Combat Shield  
  78  10:54  Command Center  
  78  10:58  Supply Depot  
  78  10:59  Supply Depot  
  78  11:04  Starport  
  78  11:05  Starport Tech Lab x4  
  78  11:19  Marine x3  
  78  11:20  Supply Depot  
  78  11:22  Supply Depot  
  81  11:26  Terran Infantry Armor Level 1  
  81  11:29  Marine x2  
  81  11:31  Missile Turret  
  81  11:32  Missile Turret x2  
  83  11:34  Missile Turret  
  83  11:36  Siege Tank  
  83  11:37  Marine x3  
  89  11:45  Supply Depot, Terran Vehicle And Ship Armor Level 1  
  89  11:46  Marine  
  89  11:47  Supply Depot, Marine  
  91  11:55  Marine x3, Missile Turret  
  94  12:02  Refinery  
  94  12:04  Marine x2, Refinery  
  94  12:08  Siege Tank  
  99  12:11  Battlecruiser x2  
  99  12:12  Marine x3  
  113  12:22  Marine x2  
  113  12:30  Marine x3  
  113  12:34  Orbital Command  
  116  12:37  Orbital Command  
  116  12:40  Marine  
  123  12:51  Battlecruiser  
  123  13:34  Battlecruiser x2  
  123  13:37  Marine x5  
  123  13:39  Terran Ship Weapons Level 1  
  140  13:55  Marine  
  141  13:56  Marine x4  
  125  14:12  Marine  
  125  14:14  Marine x4  
  99  14:30  Marine  
  100  14:32  Marine x2  
  100  14:35  Battlecruiser x2  
  113  14:50  Battlecruiser  
  113  14:51  Marine x5  
  124  15:09  Marine x5  
  129  15:26  Marine x2  
  129  15:27  Marine  
  94  15:59  Marine x2  
Show
View Real Time Build Order
Export as new Build Order

JOSELLO Terran - Winner!

Build Orders:  

Get SALT Encoding   

  12  0:01  SCV  
  13  0:13  SCV  
  14  0:25  SCV  
  14  0:26  Supply Depot  
  15  0:31  Refinery  
  15  0:47  SCV  
  15  0:49  Barracks  
  16  0:59  SCV  
  17  1:04  Refinery  
  17  1:12  SCV  
  18  1:24  SCV  
  19  1:36  SCV  
  20  1:41  Factory  
  20  1:42  Marine  
  21  1:48  SCV  
  22  2:00  SCV  
  22  2:01  Supply Depot  
  23  2:31  Factory Tech Lab  
  23  2:34  Starport  
  23  2:35  Orbital Command  
  23  2:40  Engineering Bay  
  23  2:41  Marine  
  24  2:54  Barracks  
  24  2:56  Siege Tank  
  27  3:00  Marine  
  28  3:11  Starport Reactor  
  28  3:18  Missile Turret  
  28  3:23  Marine  
  29  3:44  Supply Depot  
  29  3:47  Barracks Tech Lab  
  29  3:48  Barracks  
  29  3:52  Marine  
  30  3:56  Medivac  
  32  4:03  Medivac  
  32  4:08  Stimpack  
  34  4:17  Terran Infantry Weapons Level 1  
  34  4:22  Marine x2  
  36  4:33  Siege Tank  
  40  4:44  Barracks Reactor  
  39  4:46  Marine x2  
  31  6:44  Marine x4  
  35  6:56  Medivac x2  
  39  7:02  Marine x4  
  43  7:12  Siege Tank  
  42  7:16  Combat Shield  
  42  7:19  Terran Infantry Armor Level 1, Marine  
  42  7:20  Marine x3  
  45  7:31  Command Center  
  44  7:44  Siege Tank  
  46  8:02  Marine x4  
  47  8:19  Marine  
  44  8:20  Marine x3  
  41  8:32  Medivac x2  
  41  8:37  Marine x2  
  41  8:38  Marine x2  
  45  8:41  Barracks  
  45  8:45  Barracks  
  45  8:46  SCV  
  46  8:55  Marine x3  
  46  8:56  Marine  
  46  8:59  SCV  
  46  9:02  Medivac x2  
  55  9:04  Armory  
  55  9:11  SCV  
  56  9:17  Engineering Bay  
  56  9:23  SCV  
  57  9:32  Barracks Reactor  
  57  9:35  SCV  
  57  9:36  Barracks Reactor  
  58  9:51  Marine x2  
  60  9:52  Barracks Reactor  
  60  9:54  Marine  
  61  10:08  Marine  
  61  10:09  Marine  
  61  10:12  Marine  
  61  10:13  Marine x4  
  68  10:23  Terran Infantry Weapons Level 2  
  68  10:26  Marine  
  68  10:27  Marine  
  70  10:41  Marine x3  
  73  10:44  Marine  
  73  10:47  Supply Depot  
  73  10:49  Marine x4  
  78  11:08  Marine x2, Siege Tank  
  78  11:09  Supply Depot  
  83  11:15  Marine x2  
  85  11:22  Terran Infantry Armor Level 2  
  85  11:31  Marine x2  
  87  11:40  Marine x2  
  89  11:51  Marine x2  
  91  12:01  Terran Vehicle And Ship Armor Level 1  
  81  13:12  Marine x4  
  78  13:13  Marine x5  
  55  13:30  Marine x4  
  55  13:31  Marine x5  
  58  13:34  Command Center  
  58  13:40  Siege Tank  
  61  13:48  Marine x4  
  63  13:49  Marine x5  
  70  14:05  Marine  
  70  14:06  Marine x6  
  77  14:12  Siege Tank  
  80  14:19  Starport  
  80  14:23  Starport  
  80  14:59  Starport Tech Lab  
  80  15:00  Starport Tech Lab  
  80  15:14  Refinery  
  80  15:15  Refinery  
  80  15:17  SCV  
  81  15:25  Refinery  
  81  15:29  SCV, Refinery  
  81  15:31  Starport  
  82  15:41  SCV  
  80  15:53  SCV  
  90  16:05  SCV  
  83  16:19  Starport Tech Lab  
Show
View Real Time Build Order
Export as new Build Order

Kikex Protoss - Winner!

Build Orders: Carriers 

Get SALT Encoding   

  12  0:04  Probe  
  13  0:16  Probe  
  13  0:21  Pylon  
  14  0:25  Assimilator  
  14  0:30  Probe  
  15  0:42  Probe  
  16  0:49  Gateway  
  16  0:54  Probe  
  17  1:03  Pylon  
  17  1:07  Probe  
  17  1:08  Assimilator  
  18  1:16  Probe  
  18  1:24  Probe  
  19  1:28  Pylon  
  20  1:50  Cybernetics Core  
  20  1:56  Zealot  
  22  2:09  Nexus  
  23  2:15  Probe  
  23  2:31  Stargate  
  23  2:38  Forge  
  23  2:47  Pylon  
  23  2:51  Pylon  
  23  3:21  Fleet Beacon  
  23  3:27  Photon Cannon  
  23  3:38  Probe  
  23  3:40  Pylon  
  23  3:45  Probe  
  23  3:47  Probe  
  25  3:53  Probe  
  26  3:56  Probe  
  26  4:02  Probe  
  28  4:08  Probe  
  28  4:09  Tempest  
  35  4:19  Probe  
  35  4:20  Probe  
  37  4:31  Probe  
  38  4:32  Probe  
  39  4:42  Probe  
  39  4:43  Assimilator, Probe  
  40  4:48  Assimilator  
  40  4:50  Probe  
  40  4:51  Probe  
  41  4:58  Probe, Stargate  
  43  5:01  Probe  
  43  5:04  Pylon  
  45  5:11  Photon Cannon  
  45  5:12  Tempest  
  45  5:13  Probe  
  46  5:25  Probe  
  52  5:50  Probe  
  52  5:52  Tempest  
  53  6:02  Probe  
  59  6:14  Probe, Stargate  
  60  7:12  Tempest x2  
  60  7:15  Tempest  
  75  7:41  Nexus  
  70  8:25  Tempest x3  
  85  8:29  Stargate  
  80  8:35  Pylon  
  73  10:03  Tempest x2  
  73  10:04  Tempest  
  83  10:17  Probe  
  83  10:18  Assimilator  
  84  10:23  Assimilator  
  84  10:25  Probe  
  84  10:32  Protoss Shields Level 1  
  84  10:33  Protoss Air Weapons Level 1  
  84  10:35  Probe  
  85  10:39  Carrier  
  92  10:47  Probe  
  93  10:59  Probe  
  94  12:20  Mothership  
  94  12:25  Carrier  
  108  12:32  Pylon  
  108  12:36  Pylon  
  108  12:42  Protoss Air Armor Level 1  
  108  12:50  Carrier  
  114  12:55  Cybernetics Core  
  114  13:02  Twilight Council  
  114  13:07  Carrier  
  114  13:09  Forge  
  114  13:12  Pylon  
  120  13:13  Pylon  
  120  13:17  Pylon  
  120  13:18  Pylon  
  120  13:22  Pylon, Carrier  
  120  13:23  Pylon  
  126  13:43  Protoss Shields Level 2  
  126  13:44  Protoss Ground Armor Level 1  
  126  14:04  Carrier  
  126  14:14  Phoenix x2  
  136  14:35  Carrier  
  142  14:48  Phoenix x2  
  146  15:07  Robotics Facility  
  146  15:08  Phoenix  
  146  15:10  Robotics Facility  
  148  15:27  Assimilator  
  148  15:31  Assimilator  
Show
View Real Time Build Order
Export as new Build Order

MrFercho Zerg 

Build Orders: Hatch First, Lurkers 

Get SALT Encoding   

  12  0:01  Drone  
  13  0:16  Overlord  
  13  0:18  Drone  
  14  0:34  Drone x2  
  16  0:54  Hatchery, Drone  
  16  0:57  Drone  
  16  1:02  Drone  
  18  1:08  Extractor  
  17  1:17  Spawning Pool  
  16  1:21  Drone  
  16  1:24  Drone  
  18  1:31  Drone  
  19  1:43  Overlord  
  19  1:53  Drone  
  20  2:05  Queen  
  20  2:06  Queen  
  24  2:10  Overlord, Drone  
  24  2:14  Drone  
  26  2:18  Metabolic Boost  
  26  2:21  Drone  
  27  2:36  Drone x3  
  30  2:48  Drone x2  
  32  2:55  Lair  
  32  2:59  Zergling x4  
  34  3:10  Drone x2  
  36  3:14  Queen  
  38  3:20  Drone  
  38  3:21  Drone x5  
  38  3:23  Overlord  
  44  3:28  Extractor  
  44  3:31  Extractor  
  42  3:35  Baneling Nest, Drone  
  42  3:36  Drone  
  43  3:51  Drone x3  
  43  3:53  Drone x2  
  43  3:54  Drone  
  49  4:08  Zergling x8, Hatchery, Hydralisk Den  
  49  4:09  Zergling x2  
  52  4:22  Evolution Chamber  
  52  4:23  Centrifical Hooks  
  51  4:25  Evolution Chamber  
  51  4:27  Spore Crawler  
  51  4:29  Spore Crawler  
  48  4:33  Drone x2  
  48  4:34  Extractor, Drone  
  48  4:35  Drone  
  48  4:36  Drone  
  52  5:00  Grooved Spines  
  52  5:01  Zerg Missile Weapons Level 1  
  52  5:07  Overlord x4  
  52  5:22  Zerg Ground Armor Level 1  
  52  5:25  Drone x2  
  52  5:26  Drone x2  
  56  5:28  Drone  
  56  5:31  Drone x5  
  62  5:43  Baneling x3  
  62  5:44  Baneling, Hydralisk x2  
  66  5:51  Lurker Den  
  66  5:52  Overseer  
  65  6:04  Infestation Pit  
  64  6:11  Muscular Augments  
  64  6:31  Zergling x24  
  67  6:44  Hydralisk x3  
  67  6:46  Overlord x2  
  59  7:18  Hydralisk x11  
  81  7:41  Zerg Missile Weapons Level 2, Zerg Ground Armor Level 2  
  79  8:04  Extractor  
  79  8:05  Extractor  
  77  8:12  Hive  
  77  8:18  Drone x5  
  77  8:19  Drone x4  
  84  8:40  Hydralisk  
  84  8:41  Hydralisk x2  
  90  9:06  Hatchery  
  90  9:08  Hatchery  
  84  9:23  Hydralisk x4  
  90  9:40  Overlord x4  
  90  9:41  Overlord x3  
  90  9:43  Seismic Spines  
  84  9:47  Hydralisk  
  84  9:48  Hydralisk x2  
  84  10:09  Hydralisk x10  
  104  10:16  Zerg Missile Weapons Level 3  
  104  10:41  Adaptive Talons  
  102  10:50  Drone x7  
  102  10:55  Drone x11  
  116  11:14  Hydralisk x7  
  116  11:15  Hydralisk x5  
  138  11:24  Adrenal Glands, Spire  
  137  11:37  Zerg Ground Armor Level 3  
  137  11:58  Hydralisk  
  137  11:59  Hydralisk x6  
  147  12:51  Lurker  
  147  12:52  Lurker x7  
  143  13:38  Drone x14  
  157  13:44  Spore Crawler  
  157  13:47  Spore Crawler  
  155  13:48  Spore Crawler  
  143  14:16  Hydralisk x6  
  149  14:19  Overlord x22  
  147  14:46  Hydralisk x16  
  147  14:47  Hydralisk x2  
  183  15:00  Extractor x2  
  171  15:28  Hydralisk x15  
  175  15:46  Hydralisk x5  
  181  16:01  Spore Crawler  
  185  16:04  Spore Crawler  
  185  16:06  Spore Crawler  
  185  16:08  Spore Crawler  
Show
View Real Time Build Order
Export as new Build Order

tigro Terran 

Build Orders:  

Get SALT Encoding   

  12  0:03  SCV  
  13  0:15  SCV  
  14  0:22  Supply Depot  
  14  0:27  SCV  
  15  0:44  SCV  
  15  0:47  Barracks  
  16  0:56  SCV  
  17  0:57  Refinery  
  17  1:01  Refinery  
  17  1:08  SCV  
  18  1:20  SCV  
  18  1:22  Supply Depot  
  19  1:32  SCV  
  20  1:34  Marine  
  21  1:44  SCV  
  22  1:52  Marine  
  23  2:06  Factory  
  23  2:10  Marine  
  23  2:13  SCV  
  25  2:26  SCV  
  25  2:27  Marine  
  25  2:28  Engineering Bay  
  27  2:49  Barracks Tech Lab  
  27  2:50  Factory Tech Lab  
  27  3:03  Starport  
  27  3:11  Terran Infantry Weapons Level 1  
  27  3:19  Orbital Command  
  27  3:26  Siege Tank  
  30  3:28  Marine  
  31  3:41  Starport  
  31  3:52  Medivac, Marine  
  34  4:09  Marine  
  34  4:16  Command Center  
  35  4:25  Starport Tech Lab  
  35  4:26  Starport Tech Lab  
  35  4:27  Marine  
  36  4:41  Barracks  
  36  4:45  Marine  
  37  5:04  Combat Shield  
  37  5:09  Terran Infantry Armor Level 1  
  37  5:31  Refinery  
  37  5:37  Armory  
  37  5:45  Barracks Reactor  
  37  6:23  Stimpack  
  28  6:38  Marine x3  
  31  6:48  Fusion Core  
  30  6:55  Marine  
  30  6:56  Marine x2  
  30  7:03  Hi-Sec Auto Tracking  
  30  7:04  Refinery  
  28  7:13  Marine x2  
  28  7:14  Viking x2, Marine  
  26  7:31  Marine x3  
  25  7:44  Viking x2  
  25  7:49  Marine  
  29  7:51  SCV  
  30  8:04  SCV  
  28  8:14  Viking  
  28  8:16  SCV  
  27  8:28  SCV  
  20  9:01  Viking  
  15  9:11  SCV  
  15  9:42  Viking  
  13  10:11  Viking  
  13  10:12  Viking  
  17  10:21  Planetary Fortress  
  17  10:41  Viking  
  13  11:41  Viking x2  
  15  12:03  SCV  
  16  12:11  Viking  
  16  12:15  SCV  
  19  12:57  Viking x2  
  10  13:27  Viking x2  
  4  13:57  Viking x2  
Show
View Real Time Build Order
Export as new Build Order

TATORREA Protoss 

Build Orders:  

Get SALT Encoding   

  12  0:03  Probe  
  13  0:15  Probe  
  14  0:25  Pylon  
  14  0:28  Probe  
  15  0:43  Probe  
  16  0:50  Gateway  
  16  1:00  Assimilator  
  16  1:04  Probe  
  17  1:12  Probe  
  18  1:20  Probe  
  19  1:27  Pylon  
  19  1:54  Nexus  
  19  1:56  Pylon  
  19  1:58  Probe  
  19  2:00  Cybernetics Core  
  20  2:04  Zealot  
  22  2:14  Probe  
  23  2:22  Assimilator  
  23  2:26  Pylon  
  23  2:28  Probe  
  24  2:35  Pylon  
  24  2:45  Probe  
  25  2:52  Warp Gate  
  25  2:53  Stalker  
  27  3:03  Probe  
  27  3:04  Probe  
  28  3:07  Gateway  
  28  3:11  Probe  
  28  3:12  Probe  
  29  3:19  Probe  
  31  3:20  Probe  
  31  3:24  Sentry  
  35  3:31  Probe  
  35  3:32  Probe  
  37  3:37  Robotics Facility  
  37  3:43  Probe  
  37  3:45  Probe  
  39  3:49  Gateway  
  39  3:55  Probe  
  40  3:56  Stalker  
  40  3:57  Probe  
  43  4:05  Zealot  
  43  4:07  Probe  
  43  4:09  Probe  
  47  4:17  Gateway  
  47  4:19  Probe  
  47  4:21  Probe  
  47  4:23  Assimilator  
  49  4:29  Assimilator  
  50  4:31  Probe, Observer  
  55  4:53  Immortal  
  55  4:56  Probe x2  
  57  5:11  Forge  
  57  5:12  Twilight Council  
  57  5:14  Forge  
  57  5:15  Forge  
  57  5:19  Probe x2  
  59  5:29  Nexus  
  59  5:31  Pylon  
  59  5:33  Pylon  
  57  5:36  Immortal  
  59  5:45  Charge  
  59  5:47  Zealot x2  
  59  5:48  Zealot  
  65  6:04  Zealot  
  59  6:19  Stalker x2  
  59  6:20  Stalker  
  45  6:40  Zealot  
  47  6:52  Zealot  
  47  6:53  Zealot x2  
  48  7:19  Zealot x3  
  54  7:34  Protoss Ground Weapons Level 1  
  54  7:35  Protoss Shields Level 1  
  54  7:36  Protoss Ground Armor Level 1  
  51  7:38  Stalker  
  51  7:40  Stalker  
  37  8:07  Zealot x2  
  37  8:35  Probe  
  37  8:36  Probe  
  37  8:40  Probe  
  40  8:43  Pylon x2  
  40  8:46  Pylon  
  40  8:48  Probe x2  
  42  8:49  Gateway  
  42  8:52  Probe  
  42  8:53  Gateway, Zealot x2  
  47  8:58  Gateway  
  47  9:00  Probe x2  
  49  9:03  Blink  
  49  9:09  Zealot  
  51  9:15  Probe  
  51  9:16  Probe x2  
  54  9:23  Zealot x2  
  54  9:24  Zealot  
  60  9:42  Stalker  
  60  9:44  Protoss Ground Weapons Level 2  
  62  9:47  Probe x3  
  62  9:48  Protoss Shields Level 2  
  62  9:52  Stalker x2  
  69  9:53  Stalker x3  
  69  9:57  Protoss Ground Armor Level 2  
  69  9:59  Probe x3  
  78  10:11  Probe x3  
  81  10:17  Templar Archives  
  81  10:21  Nexus  
  81  10:23  Pylon, Probe x3  
  81  10:24  Pylon  
  84  10:35  Probe x3  
  87  10:49  Probe x3  
  90  10:53  Assimilator  
  90  10:54  Stalker x3, Assimilator  
  90  10:56  Stalker  
  98  10:57  Stalker  
  98  11:00  Stalker  
  98  11:01  Probe x3  
  98  11:03  Stalker  
  107  11:20  Probe x3  
  110  11:32  Probe x3  
  107  12:12  Probe  
  107  12:13  Probe  
  107  12:14  Probe x2  
  99  12:21  Assimilator  
  95  12:25  Assimilator  
  95  12:28  Probe x4  
  95  12:29  Gateway  
  99  12:30  Stalker  
  99  12:31  Stalker x3  
  99  12:32  Gateway, Stalker x3  
  99  12:34  Gateway  
  106  12:39  Gateway  
  106  12:41  Gateway  
  60  13:01  Zealot  
  60  13:02  Zealot x3  
  60  13:03  Zealot  
  21  13:59  Probe x2  
  21  14:00  Probe  
  24  14:11  Probe x2  
  24  14:12  Probe  
  27  14:23  Probe x2  
  30  14:24  Probe  
  30  14:35  Probe  
  30  14:36  Probe x2  
  33  14:47  Probe  
  33  14:48  Probe x2, Zealot x3  
  33  14:49  Zealot x3  
  48  14:59  Probe  
  49  15:00  Probe x2, Zealot  
  49  15:01  Zealot  
  55  15:08  Zealot  
  57  15:27  Probe x3  
  58  15:39  Probe x3  
  47  15:56  Zealot x3  
  53  15:57  Zealot x3  
  53  15:58  Zealot x2  
  53  15:59  Zealot  
Tags
 
Add a new tag
Caveats
  • Supply blocks, unpowered buildings, or Contaminate may cause inaccurate times.
  • Supply counts are checked every 10 seconds.